 Dungeon Crawl Stone Soup version 0.30-b1-5-g8e6c1be481 (webtiles) character file.

Game seed: 14321526886547795102

152 CrazyBamboolord the Charlatan (level 5, -3/41 HPs)
             Began as a Draconian Artificer on May 4, 2023.
             Slain by Crazy Yiuf
             ... wielding a +4 quarterstaff of chaos
              (5 damage)
             ... on level 3 of the Dungeon.
             The game lasted 00:08:14 (2111 turns).

CrazyBamboolord the Charlatan (Draconian Artificer) Turns: 2111, Time: 00:08:15

Health: -3/41      AC:  6    Str: 20    XL:     5   Next: 11%
Magic:  5/5        EV: 13    Int: 12    God:
Gold:   91         SH:  4    Dex: 19    Spells: 4/4 levels left

rFire   . . .        b - +1 dagger (venom)
rCold   . . .        q - +0 buckler
rNeg    . . .        (body armour unavailable)
rPois   .            (helmet restricted)
rElec   .            (no cloak)
rCorr   .            (no gloves)
SInv    .            s - +0 pair of boots
Will    .....        g - amulet of regeneration
Stlth   ++           f - +6 ring of dexterity
HPRegen 1.06/turn    l - +6 ring of strength
MPRegen 0.09/turn

%: no passive effects
@: lethally poisoned (-3 -> -3), slowed, very slow
A: AC +5, unfitting armour, cold-blooded
a: no special abilities


You were on level 3 of the Dungeon.
You visited 1 branch of the dungeon, and saw 3 of its levels.

You collected 91 gold pieces.

Inventory:

Hand Weapons
 a - a +2 dagger of holy wrath
 b - a +1 dagger of venom (weapon)
Armour
 q - a +0 buckler (worn)
 s - a +0 pair of boots (worn)
Jewellery
 f - a +6 ring of dexterity (left hand)
 g - an amulet of regeneration (around neck)
 k - an amulet of faith
 l - a +6 ring of strength (right hand)
 v - a ring of fire
Wands
 c - a wand of charming (15)
 d - a wand of iceblast (5)
 o - a wand of flame (16) (quivered)
 t - a wand of light (10)
Scrolls
 i - a scroll of butterflies {unknown}
 j - 3 scrolls of noise
 m - 2 scrolls of fear {unknown}
 r - a scroll of vulnerability {unknown}
 u - 2 scrolls of magic mapping {unknown}
Potions
 e - a potion of lignification {unknown}
 h - a potion of mutation {unknown}
 n - a potion of attraction {unknown}
 p - 4 potions of curing {unknown}


   Skills:
 * Level 1.9 Fighting
 * Level 1.6 Short Blades
 * Level 2.9 Dodging
 * Level 2.2 Stealth
 * Level 0.4 Shields
 * Level 4.1 Evocations


You had 4 spell levels left.
You didn't know any spells.
Your spell library contained the following spells:

 Spells                   Type           Power      Damage    Failure   Level
 Sublimation of Blood     Necr           0%         N/A       54%         2
 Petrify                  Tmut/Erth      0%         N/A       99%         4
 Irradiate                Conj/Tmut      0%         3d11      100%        5


Dungeon Overview and Level Annotations

Branches:
Dungeon (3/15)

Altars:
Yredelemnul
The Shining One

Shops:
D:3 *

Annotations:
D:3 Crazy Yiuf


Innate Abilities, Weirdness & Mutations

Your plain brown scales are hard. (AC +5)
You cannot fit into any form of body armour.
You are cold-blooded and may be slowed by cold attacks.


Message History

Crazy Yiuf is heavily wounded.
Crazy Yiuf hits you with a +4 quarterstaff of chaos!
You are electrocuted!
Unknown command.
You bump into the tree.
You feel less confused. Crazy Yiuf closely misses you. x2
Unknown command.
Crazy Yiuf says, "Trifle!
Whippet mumblescurry bush."
You hit Crazy Yiuf but do no damage.
Crazy Yiuf is poisoned.
Your tail-slap misses Crazy Yiuf.
Crazy Yiuf is heavily wounded.
You block Crazy Yiuf's attack.
Crazy Yiuf laughs, "Seed eyeball eyeball!"
Crazy Yiuf misses you.
Unknown command.
You hit Crazy Yiuf but do no damage.
Crazy Yiuf looks as sick as possible!
Crazy Yiuf is heavily wounded.
Crazy Yiuf hits you with a +4 quarterstaff of chaos.
You are poisoned.
Unknown command.
You hit Crazy Yiuf.
Crazy Yiuf looks as sick as possible!
Crazy Yiuf is heavily wounded.
You feel sick.
Crazy Yiuf cries, "You leg down broken song, no?"
You block Crazy Yiuf's attack.
Crazy Yiuf cries, "Tosser shrimp light!"
Crazy Yiuf misses you.
Unknown command.
You hit Crazy Yiuf.
Crazy Yiuf looks as sick as possible!
Crazy Yiuf is severely wounded.
You feel sick. You block Crazy Yiuf's attack.
Unknown command.
You closely miss Crazy Yiuf.
Crazy Yiuf is severely wounded.
You feel sick.
Crazy Yiuf hits you with a +4 quarterstaff of chaos!
* * * LOW HITPOINT WARNING * * *
You feel yourself slow down. Crazy Yiuf freezes you.
You die...

##...#............#
#....####.........÷
#....# #..........
♣....♣ #.........#
♣...♣♣ #..........
♣♣.♣♣ ####.##...#
♣.♣♣ #.##.#.. ♣♣.♣
#.#..#.# ♣@♣♣
#.#.#..# ♣♣g♣
##....... #'#
#........ ...
#..##.... #...#
##.##.... #..)#
#.##.... #####
#.##>.^. #.##....
###.##....


You could see Crazy Yiuf (fast, extremely poisoned).

Vanquished Creatures
  A crimson imp (D:3)
  3 adders
  An ufetubus (D:2)
  2 worms
  2 dart slugs
  5 orcs (D:3)
  2 bats (D:1)
  4 endoplasms
  3 giant cockroaches (D:1)
  3 goblins (D:1)
  10 hobgoblins
  A jackal (D:1)
  5 kobolds
  A quokka (D:1)
  10 ball pythons
  3 frilled lizards
  A goblin skeleton (D:3)
  A goblin zombie (D:3)
  A hobgoblin zombie (D:3)
  2 kobold skeletons (D:3)
  An orc skeleton (D:3)
  An orc zombie (D:3)
  8 rats
71 creatures vanquished.

Notes
Turn   | Place    | Note
-------+----------+-------------------------------------------
     0 | D:1      | CrazyBamboolord the Draconian Artificer began the quest for
                  | the Orb.
     0 | D:1      | Reached XP level 1. HP: 16/16 MP: 1/1
   136 | D:1      | Reached skill level 1 in Stealth
   206 | D:1      | Reached XP level 2. HP: 23/23 MP: 2/2
   552 | D:1      | Reached XP level 3. HP: 28/28 MP: 3/3
  1131 | D:2      | Reached XP level 4. HP: 35/35 MP: 4/4
  1145 | D:2      | Identified the +0 leather armour of the Eleven Ears {rC+
                  | rCorr Int-4 Dex+3}
  1237 | D:2      | Found a basalt altar of Yredelemnul.
  1566 | D:3      | Reached skill level 1 in Short Blades
  1614 | D:3      | Reached skill level 4 in Evocations
  1634 | D:3      | Found a glowing golden altar of the Shining One.
  1745 | D:3      | Found a runed translucent door.
  1746 | D:3      | Noticed Crazy Yiuf
  1801 | D:3      | Reached XP level 5. HP: 40/41 MP: 5/5
  1940 | D:3      | Found Byezxy's General Store.
  1991 | D:3      | Found a faded altar of an unknown god.
  2111 | D:3      | HP: 2/41 [Crazy Yiuf/+4 quarterstaff of chaos (10)]
  2111 | D:3      | Slain by Crazy Yiuf

Illustrated notes

Levels and vault maps discovered:
D:1:      roderic_dead_forest, layout_loops_ring, minmay_tetromino_s2
D:2:      layout_loops_ring, basic_altar
D:3:      layout_rooms, nicolae_tso_besieged_by_evil, basic_ecumenical_altar,
          serial_shops, nicolae_shop_rolling_square, uniq_crazy_yiuf_cottage

Skill      XL: |  1  2  3  4 |
---------------+-------------+-----
Stealth        | 1 2 |  2.2
Short Blades   | 1 |  1.6
Evocations     | 4 |  4.1
Fighting       | |  1.9
Dodging        | |  2.9
Shields        | |  0.4

Action                     |  1- 3 |  4- 6 || total
---------------------------+-------+-------++-------
  Melee: Club              |    86 |       ||    86
         Tailslap          |    26 |    10 ||    36
         Short sword       |    21 |       ||    21
         Dagger            |    49 |    81 ||   130
         Punch             |     1 |       ||     1
  Evoke: Wand              |     5 |     1 ||     6
    Use: Scroll            |       |     1 ||     1
   Stab: Sleeping          |     6 |     2 ||     8
 Armour: Skin              |    40 |    17 ||    57
  Dodge: Dodged            |   117 |    44 ||   161
  Block: Buckler           |       |    17 ||    17
